 Dungeon Crawl Stone Soup version 0.26.0-10-g1f06aea511 (webtiles) character file.

Game seed: 7896610906723478990

809 Borgoz the Ducker (level 7, -1/60 HPs)
             Began as a Ghoul Gladiator on Jan 15, 2021.
             Was an Initiate of Okawaru.
             Slain by an orc
             ... wielding a +0 dagger
              (2 damage)
             ... on level 5 of the Dungeon.
             The game lasted 00:07:55 (4848 turns).

Borgoz the Ducker (Ghoul Gladiator)                 Turns: 4848, Time: 00:07:56

Health: -1/60      AC:  5    Str: 18    XL:     7   Next: 92%
Magic:  7/7        EV: 14    Int:  3    God:    Okawaru [......]
Gold:   31         SH:  0    Dex: 12    Spells: 6/6 levels left

rFire    + . .     SeeInvis .   a - +1 long sword
rCold    + + +     Faith    .   (no shield)
rNeg     + + +     Spirit   .   n - +1 leather armour {rC+}
rPois    ∞         Reflect  .   c - +0 helmet
rElec    +         Harm     .   (no cloak)
rCorr    +         Rampage  .   (no gloves)
Will     .....                  (no boots)
Stlth    +.........             g - amulet of the acrobat
HPRegen  0.00/turn              (no ring)
MPRegen  0.10/turn              (no ring)

@: resistant
A: claws 1, cold resistance 1, negative energy resistance 3, inhibited
regeneration, torment resistance, unbreathing
a: Renounce Religion


You were on level 5 of the Dungeon.
You worshipped Okawaru.
Okawaru was noncommittal.
You visited 2 branches of the dungeon, and saw 6 of its levels.

You collected 211 gold pieces.
You spent 180 gold pieces at shops.

Inventory:

Hand Weapons
 a - a +1 long sword (weapon)
Missiles
 d - a throwing net (quivered)
Armour
 c - a +0 helmet (worn)
 m - the +6 chain mail "Mygeid" {rN+ Dex+4, unknown}
   (You bought it in a shop on level 5 of the Dungeon)

   It affects your dexterity (+4).
   It protects you from negative energy.
 n - a +1 leather armour of cold resistance (worn)
Jewellery
 g - an amulet of the acrobat (around neck)
 k - an uncursed ring of see invisible {unknown}
Wands
 p - a wand of digging (6)
 r - a wand of disintegration (15)
Scrolls
 e - 3 scrolls of remove curse
 f - 3 scrolls of teleportation
 h - a scroll of amnesia
 j - a scroll of blinking
Potions
 b - a potion of flight
 i - a potion of might


   Skills:
 + Level 4.3 Fighting
 * Level 5.1 Long Blades
 - Level 1.7 Throwing
 + Level 2.7 Armour
 * Level 5.2 Dodging
 + Level 1.5 Invocations


You had 6 spell levels left.
You didn't know any spells.
Your spell library was empty.

Dungeon Overview and Level Annotations

Branches:
Dungeon (5/15)             Temple (1/1) D:4

Altars:
Ashenzari
Dithmenos
Elyvilon
Fedhas
Gozag
Kikubaaqudgha
Makhleb
Nemelex Xobeh
Okawaru
Ru
Vehumet
Wu Jian
Xom
Yredelemnul
Zin
The Shining One

Shops:
D:5 *


Innate Abilities, Weirdness & Mutations

You thrive by killing the living.
You are immune to poison.
You have sharp fingernails.
Your flesh is cold resistant. (rC+)
You are immune to negative energy. (rN+++)
You do not regenerate when monsters are visible.
You are immune to unholy pain and torment.
You can survive without breathing.


Message History

* * * LOW HITPOINT WARNING * * *
The sky beast shocks you. You resist.
* * * LOW HITPOINT WARNING * * *
The orc hits you but does no damage. The sky beast closely misses you.
You riposte.
You closely miss the sky beast.
The sky beast is severely wounded.
The orc hits you but does no damage.
You hit the orc but do no damage.
The orc is lightly wounded.
The orc wizard barely misses you. The orc closely misses you.
The sky beast closely misses you.
You riposte.
You miss the sky beast.
The sky beast is severely wounded.
You hit the sky beast.
The sky beast is severely wounded.
The orc wizard closely misses you. The sky beast hits you.
* * * LOW HITPOINT WARNING * * *
The sky beast shocks you. You resist.
* * * LOW HITPOINT WARNING * * *
The orc hits you with a +0 dagger.
You die...

#...#.........
#.....
#............)
##....
#......##.##.#
#####
##......∩.....#
#
........###.###
?#..<...###.###.
............[...
...PP..PYo..P...
♣..P♣♣♣.@.♣♣♣P..
♣...


♣PoP♣ ♣.. ♣P..♣ .. P.... ....... P..P..P.. P♣♣♣P..♣♣♣P .P ♣P.P♣ .. You could see
a sky beast, an orc wizard and an orc.

Vanquished Creatures
  Menkaure (D:4)
  A phantom (D:4)
  2 ogres (D:4)
  A scorpion (D:4)
  A hound (D:4)
  An orc priest (D:4)
  An iguana (D:4)
  3 orc wizards
  A worker ant (D:4)
  4 gnolls (D:3)
  3 adders
  3 worms (D:2)
  2 dart slugs (D:2)
  4 leopard geckos
  14 orcs
  3 ball pythons
  5 bats
  8 giant cockroaches
  14 goblins
  3 hobgoblins
  5 jackals
  10 kobolds
  A quokka (D:2)
  7 frilled lizards
  A jackal skeleton (D:4)
  A quokka skeleton (D:5)
  5 rats
  A toadstool (D:1)
106 creatures vanquished.

Vanquished Creatures (others)
  9 plants (D:5)
  3 toadstools (D:1)
12 creatures vanquished.

Grand Total: 118 creatures vanquished

Notes
Turn   | Place    | Note
-------+----------+-------------------------------------------
     0 | D:1      | Borgoz the Ghoul Gladiator began the quest for the Orb.
     0 | D:1      | Reached XP level 1. HP: 17/17 MP: 0/0
   114 | D:1      | Reached XP level 2. HP: 11/25 MP: 1/1
   783 | D:1      | Reached XP level 3. HP: 30/30 MP: 2/2
  1303 | D:2      | Reached XP level 4. HP: 12/37 MP: 3/3
  1490 | D:2      | Reached skill level 1 in Armour
  1618 | D:2      | Found a faded altar of an unknown god.
  2332 | D:3      | Reached XP level 5. HP: 35/45 MP: 4/4
  3020 | D:4      | Noticed an ogre
  3026 | D:4      | Killed an ogre
  3027 | D:4      | Reached XP level 6. HP: 51/51 MP: 5/5
  3047 | D:4      | Noticed Menkaure
  3057 | D:4      | Killed Menkaure
  3255 | D:4      | Reached XP level 7. HP: 45/58 MP: 6/6
  3355 | D:4      | Found a staircase to the Ecumenical Temple.
  3364 | Temple   | Entered the Ecumenical Temple
  3486 | Temple   | Became a worshipper of Warmaster Okawaru
  3652 | D:4      | HP: 1/59 [something/magic dart (6)]
  4018 | D:4      | Reached skill level 5 in Dodging
  4018 | D:4      | Reached skill level 1 in Invocations
  4157 | D:4      | Reached skill level 5 in Long Blades
  4771 | D:5      | Entered Level 5 of the Dungeon
  4819 | D:5      | Found Leikhlun's Assorted Antiques.
  4826 | D:5      | Bought a bloodstained chain mail for 180 gold pieces
  4848 | D:5      | HP: 2/60 [sky beast (2)]
  4848 | D:5      | Slain by an orc

Illustrated notes

Levels and vault maps discovered:
D:1:      ldierk_walled_garden_2, layout_loops_cross
D:2:      layout_loops_ring, chequers_ecumenical_altar_simple_redux
D:3:      layout_loops_ring, corexii_leaking_fountain, st_stairs_10
D:4:      minmay_skewed_foursquare, layout_basic, minmay_temple_entry_poolview,
          minmay_misc_feat_room, uniq_menkaure
D:5:      layout_loops_ring, nzn_overflow_gifts_of_might_and_magic,
          serial_shops, shop, kennysheep_boxes
Temple:   eino_temple_rhombus

Skill      XL: |  1  2  3  4  5  6  7 |
---------------+----------------------+-----
Long Blades    | 3 4 5 |  5.1
Dodging        | 3 4 5 |  5.2
Armour         | 1 2 |  2.7
Fighting       | 3 4 |  4.3
Invocations    | 1 |  1.5
Throwing       | |  1.7

Action                   |  1- 3 |  4- 6 |  7- 9 || total
-------------------------+-------+-------+-------++-------
Melee: Long sword        |    80 |   158 |   116 ||   354
Throw: Throwing net      |       |       |     3 ||     3
  Use: Scroll            |       |     8 |     4 ||    12
       Potion            |       |     1 |     5 ||     6
 Stab: Held in net/web   |       |       |     1 ||     1
Armor: Leather armour    |    20 |     7 |    15 ||    42
       Ring mail         |       |    35 |    34 ||    69
Dodge: Dodged            |    79 |   129 |   101 ||   309
       Rpst.: Long sword |    29 |    37 |    29 ||    95
